 Dungeon Crawl Stone Soup version 0.32-a0-40-g2adb59a (webtiles) character file.

Game seed: 13616538935447797364

11146 Dorkslayer the Basher (level 11, 0/72 HPs)
             Began as an Octopode Shapeshifter on Jan 24, 2024.
             Was an Initiate of Gozag.
             Killed from afar by a wretched star (33 damage)
             ... with a lance of force
             ... on level 2 of the Abyss.
             The game lasted 00:33:58 (9611 turns).

Dorkslayer the Basher (Octopode Shapeshifter)       Turns: 9611, Time: 00:33:59

Health: 0/72       AC:  5    Str: 17    XL:     11   Next: 73%
Magic:  20/20      EV: 15    Int: 19    God:    Gozag
Gold:   1009       SH:  7    Dex: 12    Spells: 10/10 levels left

rFire   . . .        o - +7 flail (holy)
rCold   + . .        p - +3 buckler
rNeg    . . .        (helmet currently unavailable)
rPois   .            (no amulet)
rElec   .            g - ring "Qithrireo" {MP+9 Int+6 Slay+4}
rCorr   .            v - +4 ring of protection
SInv    .            (no ring)
Will    .....        (no ring)
Stlth   +++++        (no ring)
HPRegen 0.32/turn    (no ring)
MPRegen 0.17/turn    (no ring)
                     (no ring)

%: no passive effects
@: beast-form
A: beast (slay +2), almost no armour, amphibious, 8 rings, camouflage 1,
gelatinous body 1, (nimble swimmer 1), tentacles, cold resistance 1, screaming
1, inability to drink after injury 1
a: Begin Untransformation, Renounce Religion, Potion Petition, Call Merchant,
Bribe Branch


You were on level 2 of the Abyss.
You worshipped Gozag.
Gozag was most pleased with you.
You were a hulking beast.
You visited 2 branches of the dungeon, and saw 10 of its levels.
You visited the Abyss 1 time.
You also visited: Sewer and Bailey.

You collected 1909 gold pieces.
You spent 782 gold pieces at shops.
You paid 118 gold pieces to Gozag.

Inventory:

Hand Weapons
 o - a +7 flail of holy wrath (weapon)
 w - a +1 heavy hand axe
 B - a +0 heavy war axe
 E - a +0 broad axe
Missiles
 f - 19 boomerangs
 r - 15 curare-tipped darts (quivered)
 y - 4 throwing nets
 D - 8 atropa-tipped darts
Armour
 p - a +3 buckler (worn)
Jewellery
 g - the ring "Qithrireo" (left tentacle) {MP+9 Int+6 Slay+4}
   (You found it on level 2 of the Dungeon)

   [ring of slaying]

   Int+6:     It affects your intelligence (+6).
   Slay+4:    It affects your accuracy & damage with ranged weapons and melee
   (+4).
   MP+9:      It affects your magic capacity (+9).
 v - a +4 ring of protection (right tentacle)
Talismans
 b - a beast talisman
 c - a flux talisman
 m - a serpent talisman
Wands
 e - a wand of paralysis (19)
 j - a wand of acid (4)
 s - a wand of mindburst (7)
 t - a wand of flame (18)
 A - a wand of polymorph (8)
 C - a wand of iceblast (15)
Scrolls
 a - a scroll of amnesia
 d - 2 scrolls of poison
 i - 6 scrolls of fog
 n - 2 scrolls of fear {unknown}
 x - 2 scrolls of teleportation
 F - a scroll of immolation {unknown}
Potions
 h - 3 potions of cancellation
 k - 3 potions of enlightenment
 l - 6 potions of curing
 q - 2 potions of degeneration
 u - 3 potions of might
 z - a potion of magic
 G - 3 potions of heal wounds
 H - a potion of haste
Miscellaneous
 I - a sack of spiders


   Skills:
 * Level 5.8 Fighting
 * Level 9.2 Maces & Flails
 + Level 3.1 Throwing
 * Level 6.5 Dodging
 + Level 8.4 Stealth
 + Level 2.2 Shields
 * Level 9.1 Unarmed Combat
 * Level 6.0 Evocations
 + Level 5.1 Shapeshifting


You had 10 spell levels left.
You didn't know any spells.
Your spell library contained the following spells:

 Spells                   Type           Power      Damage    Failure   Level
 Magic Dart               Conj           0%         1d3       26%         1
 Summon Small Mammal      Summ           0%         N/A       26%         1
 Momentum Strike          Conj/Tloc      0%         3d8       36%         2
 Searing Ray              Conj           0%         2d4       36%         2
 Call Canine Familiar     Summ           0%         N/A       61%         3
 Fulminant Prism          Conj/Alch      0%         3d5       95%         4
 Ignite Poison            Fire/Alch      0%         N/A       95%         4
 Summon Blazeheart Golem  Fire/Summ      0%         N/A       95%         4
 Summon Lightning Spire   Summ/Air       0%         N/A       95%         4
 Lee's Rapid Deconstruct  Erth           0%         3d4*      100%        5
 Disjunction              Tloc           0%         N/A       100%        8
 Animate Armour           Summ/Erth      Unusable   N/A       N/A         4

Dungeon Overview and Level Annotations

Branches:
Dungeon (9/15)             Temple (1/1) D:6            Lair (0/5) D:8
    Orc (0/2) D:9           Sewer (visited)          Bailey (visited)

Altars:
Ashenzari
Cheibriados
Dithmenos
Elyvilon
Fedhas
Gozag
Hepliaklqana
Kikubaaqudgha
Makhleb
Nemelex Xobeh
Okawaru
Qazlal
Ru
Trog
Uskayaw
Vehumet
Wu Jian
Xom
Yredelemnul
Zin
The Shining One

Shops:
D:1 *:!*(

Annotations:
D:3 3 runed translucent doors, Dorkslayer's ghost, amateur OpSh
D:6 1 runed translucent door, Agrajag's ghost, novice GnWn
D:9 Erolcha


Innate Abilities, Weirdness & Mutations

You are a hulking beast.
Your limbs bulge with bestial killing power. (Slay +2)
You cannot wear most types of armour.
You are amphibious.
You can wear up to eight rings at the same time.
Your skin changes colour to match your surroundings (Stealth+).
Your rubbery body absorbs attacks. (AC +1, EV +1)
((You are camouflaged when in or above water. (Stealth+)))
You have tentacles for arms and can constrict up to eight enemies at once.
Your flesh is cold resistant. (rC+)
You occasionally shout uncontrollably at your foes.
You occasionally lose the ability to drink potions when taking damage.


Message History

Aiming: Iceblast
Press: ? - help, Shift-Dir - straight line The mass of ice explodes!
The iceblast engulfs the wretched star!
The wretched star partially resists.
The wretched star is lightly damaged.
Unknown command.
Unknown command.
Aiming: Corrosive Bolt
Press: ? - help, Shift-Dir - straight line The bolt of acid hits the wretched star!
The wretched star is moderately damaged.
Unknown command.
Aiming: Mindburst
Press: ? - help, Shift-Dir - straight line, f - you
Okay, then.
The wretched star glows turbulently.
The lance of force hits you!!
You are knocked back by the lance of force.
You slam into the rock wall!
You sock the wretched star! You squeeze the wretched star!
The wretched star is heavily damaged.
You sock the wretched star!
You squeeze the wretched star, but do no damage.
The wretched star is severely damaged.
The small abomination hits you but does no damage.
You block the small abomination's attack.
You hit the wretched star but do no damage.
Your squeeze misses the wretched star.
The wretched star is heavily damaged.
The small abomination misses you.
You sock the wretched star!
You squeeze the wretched star, but do no damage.
The wretched star is severely damaged.
The small abomination hits you!
* * * LOW HITPOINT WARNING * * *
You feel much better.
The wretched star glows turbulently.
The lance of force hits you!!
You die...
Your body crumbles into a pile of gold.

#########
........#
.......#
...#..... ###
.........##.#
.....#..x##.#
.......*h..#
.##....#...#
#.##..#.###
#. #.##.. .#
..## .. #.#.
.#. #. # ..##
##


You could see a wretched star and a small abomination.

Vanquished Creatures
  The ghost of kasel the Cleaver, a novice FoFi of Okawaru (D:8)
  An orc knight (Bailey)
  Pikel (D:7)
  A large abomination (Abyss:2)
  Maurice (D:8)
  The ghost of Radamante the Cudgeller, a novice MiFi of Hepliaklqana (D:5)
  Maggie (D:7)
  Jeremiah (D:8)
  A hornet (D:8)
  A troll (D:8)
  A vampire (D:6)
  7 spriggans (D:8)
  7 yaks
  Grum (D:8)
  An acid dragon (D:8)
  Duvessa (D:7)
  4 orc warriors
  A sky beast (D:7)
  3 black bears
  2 centaurs
  4 wolves (D:8)
  2 brain worms (Sewer)
  20 kobold brigands
  2 lemures (D:7)
  A necrophage (D:5)
  6 bullfrogs
  A gnoll sergeant (D:8)
  5 scorpions
  Dowan (D:7)
  A bullfrog zombie (D:5)
  4 hounds
  A bombardier beetle (D:8)
  Crazy Yiuf (D:7)
  A centaur skeleton (D:5)
  8 orc priests
  4 jellies
  A sleepcap (D:5)
  Natasha (thrice) (D:2)
  3 iguanas
  A gnoll bouda (D:7)
  11 orc wizards
  13 gnolls
  6 river rats
  11 adders
  A shadow imp (D:5)
  2 white imps (D:6)
  An ufetubus (D:6)
  6 ribbon worms
  2 dart slugs
  29 orcs
  8 ball pythons
  4 bats
  5 endoplasms
  3 giant cockroaches
  4 hobgoblins
  6 jackals
  28 kobolds
  3 quokkas
  7 frilled lizards
  8 goblins
  11 rats
277 creatures vanquished.

Vanquished Creatures (others)
  An orc warrior (D:6)
1 creature vanquished.

Grand Total: 278 creatures vanquished

Notes
Turn   | Place    | Note
-------+----------+-------------------------------------------
     0 | D:1      | Dorkslayer the Octopode Shapeshifter began the quest for
                  | the Orb.
     0 | D:1      | Reached XP level 1. HP: 13/13 MP: 1/1
    27 | D:1      | Found Yjoqo's Assorted Antiques.
   115 | D:1      | You fall into a shaft and drop 1 floor!
   121 | D:2      | Identified the ring "Qithrireo" {MP+9 Int+6 Slay+4}
   150 | D:1      | Reached XP level 2. HP: 18/18 MP: 2/2
   235 | D:1      | Found a faded altar of an unknown god.
   325 | D:1      | Found Geowociv's Book Shop.
   326 | D:1      | Found Wufui's Distillery.
   428 | D:1      | Found Maytab's Weapon Boutique.
   535 | D:1      | Reached XP level 3. HP: 23/23 MP: 3/3
   735 | D:1      | Found Ocseemet's Assorted Antiques.
   766 | D:1      | Bought a smoky clear potion for 19 gold pieces
   766 | D:1      | Bought a murky cyan potion for 19 gold pieces
  1103 | D:2      | Noticed Natasha
  1107 | D:2      | Killed Natasha
  1108 | D:2      | Reached skill level 1 in Stealth
  1108 | D:2      | Reached XP level 4. HP: 25/28 MP: 4/4
  1223 | D:2      | Noticed Natasha
  1230 | D:2      | Killed Natasha
  1310 | D:2      | Noticed Natasha
  1314 | D:2      | Killed Natasha
  1342 | D:3      | Reached XP level 5. HP: 33/33 MP: 5/5
  1358 | D:3      | Identified the +7 falchion of Hepliaklqana, Hurtling
                  | {drain, ^Drain rF+ rCorr MP+9}
  1588 | D:3      | Found a runed translucent gate.
  1588 | D:3      | Found a runed translucent gate.
  1589 | D:3      | Noticed Dorkslayer's ghost (amateur OpSh)
  1590 | D:3      | Found a runed translucent gate.
  1858 | D:3      | Found a radiant altar of Vehumet.
  2068 | D:4      | Reached skill level 5 in Unarmed Combat
  2208 | D:4      | Noticed a black bear
  2216 | D:4      | Killed a black bear
  2217 | D:4      | Reached XP level 6. HP: 38/38 MP: 6/6
  2663 | D:4      | Found a sparkling altar of Nemelex Xobeh.
  2885 | D:4      | Found a glowing silver altar of Zin.
  2887 | D:4      | Found a glowing golden altar of the Shining One.
  2889 | D:4      | Found a white marble altar of Elyvilon.
  3005 | D:4      | Found an ornate altar of the Wu Jian Council.
  3439 | D:5      | Entered Level 5 of the Dungeon
  3474 | D:4      | Reached XP level 7. HP: 26/43 MP: 7/7
  3690 | D:5      | Reached skill level 5 in Stealth
  3777 | D:5      | Gained mutation: You are frail. (-10% HP) [potion of
                  | mutation]
  3777 | D:5      | Gained mutation: You have supernaturally acute eyesight.
                  | (SInv) [potion of mutation]
  3793 | D:5      | Reached XP level 8. HP: 9/45 MP: 8/8
  4073 | D:5      | Reached skill level 1 in Evocations
  4143 | D:5      | Lost mutation: You are frail. (-10% HP) [potion of
                  | mutation]
  4143 | D:5      | Lost mutation: You have supernaturally acute eyesight.
                  | (SInv) [potion of mutation]
  4143 | D:5      | Gained mutation: You occasionally lose the ability to drink
                  | potions when taking damage. [potion of mutation]
  4143 | D:5      | Gained mutation: Potions are less effective at restoring
                  | your health. [potion of mutation]
  4143 | D:5      | Gained mutation: Your flesh is cold resistant. (rC+)
                  | [potion of mutation]
  4144 | D:5      | Lost mutation: You occasionally lose the ability to drink
                  | potions when taking damage. [potion of mutation]
  4144 | D:5      | Lost mutation: Potions are less effective at restoring your
                  | health. [potion of mutation]
  4144 | D:5      | Gained mutation: You have hidden genetic defects. [potion
                  | of mutation]
  4232 | D:5      | HP: 2/51 [poisoned by a scorpion]
  4442 | D:5      | Found a transporter.
  4444 | D:5      | Noticed Radamante's ghost (novice MiFi)
  4445 | D:5      | Found a transporter.
  4613 | D:1      | Bought a glowing silver wand for 96 gold pieces
  4613 | D:1      | Bought a scroll labelled NUMIAL FEONI for 24 gold pieces
  4613 | D:1      | Bought a scroll labelled ZIXARE VOU for 24 gold pieces
  4773 | D:6      | Found an iron altar of Okawaru.
  4791 | D:6      | Found a runed translucent door.
  4791 | D:6      | Noticed Agrajag's ghost (novice GnWn)
  4932 | D:6      | Found a staircase to the Ecumenical Temple.
  5017 | D:6      | Found a glowing drain.
  5023 | Sewer    | Entered a sewer
  5122 | Sewer    | Gained mutation: You occasionally shout uncontrollably at
                  | your foes. [hidden defects]
  5200 | Sewer    | Reached skill level 1 in Maces & Flails
  5338 | D:6      | Found a bloodstained altar of Trog.
  5393 | Temple   | Entered the Ecumenical Temple
  5613 | D:6      | Noticed a vampire
  5623 | D:6      | Reached XP level 9. HP: 41/57 MP: 9/9
  5629 | D:6      | Gained mutation: You occasionally lose the ability to drink
                  | potions when taking damage. [hidden defects]
  5629 | D:6      | Lost mutation: You have hidden genetic defects. [hidden
                  | defects expressed]
  5942 | D:7      | Found an opulent altar of Gozag.
  5950 | D:7      | Became a worshipper of Gozag Ym Sagoz the Greedy
  6294 | D:7      | Noticed Maggie
  6298 | D:7      | Reached skill level 1 in Shields
  6301 | D:7      | Noticed Pikel
  6304 | D:7      | Killed Maggie
  6305 | D:7      | Reached skill level 1 in Throwing
  6305 | D:7      | Killed Pikel
  6306 | D:7      | Reached skill level 5 in Maces & Flails
  6306 | D:7      | Reached skill level 5 in Dodging
  6421 | D:7      | Noticed Duvessa
  6424 | D:7      | Noticed Dowan
  6429 | D:7      | Killed Dowan
  6438 | D:7      | Killed Duvessa
  6439 | D:7      | Reached XP level 10. HP: 18/64 MP: 10/10
  6691 | D:7      | Found a runed translucent door.
  6692 | D:7      | Noticed Crazy Yiuf
  6698 | D:7      | Killed Crazy Yiuf
  7061 | D:8      | Found a snail-covered altar of Cheibriados.
  7270 | D:8      | Noticed Jeremiah
  7436 | D:8      | Killed Jeremiah
  7486 | D:8      | Found a staircase to the Lair.
  7539 | D:8      | Found a runed translucent gate.
  7539 | D:8      | Found a runed translucent gate.
  7539 | D:8      | Found a runed translucent gate.
  7540 | D:8      | Noticed kasel's ghost (novice FoFi)
  7557 | D:8      | Killed kasel's ghost
  7802 | D:8      | Reached skill level 5 in Evocations
  7811 | D:8      | Reached skill level 5 in Fighting
  7811 | D:8      | Reached XP level 11. HP: 37/71 MP: 11/11
  7956 | D:8      | Reached skill level 5 in Shapeshifting
  8074 | D:8      | Noticed Grum
  8090 | D:8      | Killed Grum
  8286 | D:8      | Noticed Maurice
  8299 | D:8      | Killed Maurice
  8835 | D:1      | Bought a potion of heal wounds for 60 gold pieces
  8835 | D:1      | Bought a potion of degeneration for 12 gold pieces
  8835 | D:1      | Bought a potion of haste for 120 gold pieces
  8835 | D:1      | Bought a potion of curing for 36 gold pieces
  8835 | D:1      | Bought a potion of curing for 36 gold pieces
  8835 | D:1      | Bought a potion of might for 48 gold pieces
  8860 | D:1      | Bought a potion of heal wounds for 120 gold pieces
  8860 | D:1      | Bought a potion of heal wounds for 120 gold pieces
  8860 | D:1      | Bought a scroll of identify for 48 gold pieces
  9090 | D:5      | Killed Radamante's ghost
  9199 | D:9      | Found a staircase to the Orcish Mines.
  9280 | D:9      | Found a flagged portal.
  9287 | Bailey   | Entered a bailey
  9329 | Bailey   | Noticed an orc knight
  9349 | Bailey   | Killed an orc knight
  9488 | Bailey   | Found a bloodstained altar of Trog.
  9496 | Bailey   | Got Sif Muna's Vellum of Impure Dislocation
  9547 | D:9      | Noticed Erolcha
  9551 | Abyss:2  | Cast into level 2 of the Abyss (Erolcha)
  9597 | Abyss:2  | Noticed a wretched star
  9597 | Abyss:2  | Noticed a large abomination
  9601 | Abyss:2  | Killed a large abomination
  9611 | Abyss:2  | Killed from afar by a wretched star

Illustrated notes

Levels and vault maps discovered:
D:1:      minmay_arrival_four_houses, layout_basic, serial_shops,
          nicolae_shop_bloodbath_and_beyond, nicolae_shop_window_shopping, shop,
          nicolae_shop_pleasant_corner_grove, shop,
          shapermc_ecumenical_altar_flowoftime
D:2:      layout_basic, grunt_ministairs_15, uniq_natasha
D:3:      layout_loops_ring, nicolae_vehumet_radiance, ebering_ghost_rock_garden
D:4:      layout_loops_corners, good_gods_temple_1, mainiacjoe_overflow_paths,
          lemuel_coloured_pillars_altar, lexackson_kobold_supper
D:5:      layout_layer_cave, gammafunk_ghost_mausoleum
D:6:      cheibrodos_barr_body, layout_loops_ring, okawaru_ov_weapons_minmay,
          mainiacjoe_overflow_tiny_flanked, minmay_temple_entry_slanted,
          gammafunk_ghost_grave, portal_sewer_entry_e, bh_walls_and_bars
D:7:      layout_gridville, nicolae_gozag_cash_rules_everything_around_me,
          dk_vineyard_3, nicolae_houndstooth_variations, uniq_maggie,
          uniq_pikel, uniq_duvessa, uniq_crazy_yiuf_cottage
D:8:      kb_forest_paths, layout_basic, chei_slow_surprise, dpeg_oklobed_lair,
          gammafunk_ghost_nasty_kobolds, uniq_jeremiah, uniq_maurice, uniq_grum
D:9:      layout_gridville, orc_0_dummy, enter_bailey_3, uniq_erolcha
Temple:   jpeg_temple_clearing
Abyss:2:  base: D:1, evilmike_abyss_exit_kraken

Skill      XL: |  1  2  3  4  5  6  7  8  9 10 11 |
---------------+----------------------------------+-----
Stealth        | 1 2 3 4 5 6 7 8 |  8.4
Unarmed Combat | 4 5 6 7 8 9 |  9.1
Fighting       | 2 3 4 5 |  5.8
Dodging        | 3 4 5 6 |  6.5
Evocations     | 2 4 5 6 |  6.0
Shapeshifting  | 4 5 |  5.1
Maces & Flails | 3 5 7 9 |  9.2
Shields        | 1 2 |  2.2
Throwing       | 1 2 3 |  3.1

Action                     |  1- 3 |  4- 6 |  7- 9 | 10-12 || total
---------------------------+-------+-------+-------+-------++-------
  Melee: Unarmed           |    68 |   228 |    52 |       ||   348
         Constrict         |    24 |    19 |    39 |    31 ||   113
         Tentacles         |    13 |    78 |    29 |    28 ||   148
         Punch             |     1 |    14 |     7 |    16 ||    38
         Flail             |       |       |    72 |   158 ||   230
  Throw: Boomerang         |       |     5 |    13 |     4 ||    22
         Dart              |       |       |       |    43 ||    43
  Evoke: Wand              |       |       |    22 |    28 ||    50
    Use: Potion            |       |       |     7 |     5 ||    12
         Scroll            |       |       |    15 |     7 ||    22
   Stab: Sleeping          |     6 |    10 |    12 |     9 ||    37
         Distracted        |       |     1 |       |     3 ||     4
         Paralysed         |       |       |       |     3 ||     3
 Armour: Skin              |    14 |    40 |    88 |    71 ||   213
  Dodge: Dodged            |    26 |    36 |    76 |    82 ||   220
  Block: Buckler           |       |     3 |    18 |    44 ||    65

Table legend: (Time is in decaauts)
 A = Elapsed time spent in this place.
 B = Non-inter-level travel time spent in this place.
 C = Inter-level travel time spent in this place.
 D = Time resting spent in this place.
 E = Time spent auto-exploring this place.
 F = Levels seen in this place.
 G = Mean time per level.
                   A        B        C        D        E       F      G
               +--------+--------+--------+--------+--------+-----+--------+
         Total |   9627 |   9094 |    533 |    511 |   4084 |  13 |  740.5 |
       Dungeon |   9049 |   8516 |    533 |    506 |   4005 |   9 | 1005.4 |
        Temple |     13 |     13 |      0 |      0 |      0 |   1 |   13.0 |
         Abyss |     59 |     59 |      0 |      0 |      0 |   1 |   59.0 |
         Sewer |    264 |    264 |      0 |      0 |     79 |   1 |  264.0 |
        Bailey |    240 |    240 |      0 |      5 |      0 |   1 |  240.0 |
               +--------+--------+--------+--------+--------+-----+--------+

Top non-repeatable levels by time:
     D:8: 1805 daAuts
     D:4: 1581 daAuts
     D:5: 1109 daAuts
     D:7: 996 daAuts
     D:6: 963 daAuts
     D:1: 909 daAuts
     D:2: 799 daAuts
     D:3: 774 daAuts
   Sewer: 264 daAuts
  Bailey: 240 daAuts
     D:9: 110 daAuts
 Abyss:2: 59 daAuts
  Temple: 13 daAuts
